wheals, lawful male human Knight ............................................................................... ............................................................................... .......................%..%%...i............................................... .......................%....................................................... ................-----....%.................................-----............... ................|...|.......................i..............|...|............... ................---|-------------------|+-------------------|---............... ..................|...............i.@@-^^-@.%............I.I.|................. ..................|.-------------------++-------------------.|................. ..................|.| @@ |.|................. ..................|.| @ i@ @ |.|................. ..................|.| @ @ |.|................. ..................|.| |.|................. ..................|.----------------------------------------.|................. ..................|..............................@@..........|................. ................---|----------------------------------------|---............... ................|...|......................................|...|............... ................-----..............^...............i.......-----............... ................................................................`.............. ............................................................................... ............................................................................... wheals the Sergeant Experience level: 10 Strength: 18 Dexterity: 12 Constitution: 18 Intelligence: 8 Wisdom: 15 Charisma: 17 Health: 0(92) Energy: 82(82) Def: 15 Gold: 452 Moves: 20302 Dungeon seed: 1D7t414EoIk8GGS_ Game ID: wheals_1624310039 Your Inventory: Coins $ - 452 gold pieces Amulets h - an uncursed amulet of reflection (being worn) Weapons a - the blessed rustproof +1 Excalibur (weapon in hand) r - a +0 long sword (wielded in other hand) Armor n - an uncursed +1 elven leather helm (being worn) q - an uncursed +0 pair of high boots (being worn) y - an uncursed +0 elven mithril-coat (being worn) z - an uncursed +0 elven cloak (being worn) Z - an uncursed +0 pair of gauntlets of dexterity (being worn) Comestibles c - an uncursed egg i - 3 uncursed C-rations o - an uncursed food ration s - 2 uncursed lizard corpses t - an uncursed K-ration v - 2 uncursed cram rations J - an uncursed lembas wafer Scrolls H - a blessed scroll of teleportation I - a cursed scroll of blank paper L - an uncursed scroll of blank paper S - an uncursed scroll of light Potions l - 4 potions of holy water m - an uncursed potion of water Q - an uncursed potion of see invisible Rings u - a cursed ring of free action O - an uncursed +2 ring of protection (on left hand) R - an uncursed ring of shock resistance V - an uncursed ring of see invisible (on right hand) Wands d - a wand of polymorph (0:5) g - a wand of magic missile (0:0) j - a wand of magic missile (0:6) x - a cursed wand of teleportation (0:5) A - a cursed wand of striking (0:4) C - a cursed wand of digging (0:1) D - a wand of magic missile (0:5) P - a wand of fire (0:0) U - a wand of digging (0:4) W - a wand of fire (0:5) Tools b - a drum of earthquake (0:6) e - a +0 unicorn horn p - an uncursed towel (being worn) B - an uncursed magic whistle K - an uncursed oil lamp (lit) (0:145) T - an uncursed skeleton key X - an uncursed bag of holding Gems N - an uncursed worthless piece of black glass Y - an uncursed worthless piece of yellowish brown glass Contents of the bag of holding: 1832 gold pieces a +1 lance 9 uncursed apples 2 uncursed candy bars 12 uncursed carrots an uncursed clove of garlic 2 uncursed cream pies 3 uncursed food rations an uncursed lizard corpse an uncursed orange an uncursed slime mold an uncursed sprig of wolfsbane a cursed sprig of wolfsbane 2 uncursed tripe rations a blessed scroll of blank paper 3 uncursed scrolls of blank paper 7 cursed scrolls of blank paper an uncursed scroll of destroy armor a blessed scroll of earth an uncursed scroll of earth 2 uncursed scrolls of enchant armor 2 uncursed scrolls of fire an uncursed scroll of food detection an uncursed scroll of gold detection a blessed scroll of identify 3 cursed scrolls of identify 2 uncursed scrolls of light a blessed scroll of remove curse 2 uncursed scrolls of remove curse 3 uncursed scrolls of teleportation a cursed potion of blindness 2 uncursed potions of extra healing an uncursed potion of fruit juice an uncursed potion of gain ability a blessed potion of gain energy an uncursed potion of gain level a blessed potion of invisibility a blessed potion of levitation a cursed potion of levitation a blessed potion of object detection 2 uncursed potions of object detection a blessed potion of oil an uncursed potion of oil an uncursed potion of see invisible a cursed potion of see invisible an uncursed potion of sickness a cursed ring of aggravate monster an uncursed ring of conflict an uncursed ring of fire resistance an uncursed ring of levitation an uncursed ring of poison resistance a cursed ring of polymorph an uncursed ring of protection from shape changers an uncursed ring of sustain ability a tinning kit (0:83) an uncursed worthless piece of red glass Spells and supernatural/magical abilities: Name Level Category Fail Memory k - knock 1 matter 97% 82% m - magic missile 2 attack 100% 70% u - confuse monster 2 enchantment 100% 67% W - pray for help -- divine ? -- X - turn undead -- divine ? -- Y - supernatural jump -- ability ? -- Your skills at the end: Fighting Skills two weapon combat [Skilled] riding [Basic] Weapon Skills long sword [Expert] lance [Basic] Spellcasting Skills Final Attributes: You were piously aligned. You were cold resistant. You were sleep resistant. You were poison resistant. You were level-drain resistant. You saw invisible. You were telepathic. You had automatic searching. You were stealthy. You could jump. You were protected. You were fast. You had reflection. You were wielding two weapons at once. You were lucky. You are dead. Vanquished creatures: a ghost 2 giant mimics a large mimic a long worm a stalker 2 air elementals a giant zombie 7 wargs a winter wolf 2 small mimics a warhorse an ettin mummy a quantum mechanic a troll a sasquatch 2 djinn a large dog 3 shocking spheres 2 tigers 3 gargoyles a tengu 2 ochre jellies an elf mummy a red naga a python a cobra an ettin zombie a Grey-elf 4 soldiers a succubus an incubus 4 chameleons a crocodile a giant beetle 3 quivering blobs a cockatrice 3 wolves 3 winter wolf cubs a lynx a panther a spotted jelly 5 leprechauns an iron piercer 4 giant spiders a scorpion 2 horses an ice vortex 2 black lights 2 forest centaurs 2 gnome kings 2 orc mummies 3 ogres a rust monster 3 owlbears 3 yetis a gold golem 6 Green-elves 8 lizards 3 chickatrices 3 dogs 2 dingos 3 jaguars 2 dust vortices a plains centaur 3 gnome mummies 2 snakes 3 apes 4 human zombies 3 rope golems 6 Woodland-elves 4 soldier ants a bugbear an imp 13 quasits a wood nymph a water nymph 2 mountain nymphs 26 Uruk-hai 2 orc shamans a rock piercer 3 rock moles 2 ponies 3 fog clouds 2 yellow lights 3 shriekers 2 violet fungi 20 gnome lords 9 gnomish wizards 3 kobold mummies a red naga hatchling a golden naga hatchling a guardian naga hatchling a gray ooze 2 elf zombies 2 ghouls 2 straw golems 2 paper golems a baby crocodile 9 giant ants 2 little dogs 11 floating eyes 3 kittens 4 dwarves 3 homunculi 3 kobold lords 2 kobold shamans 3 hill orcs 11 rothes a rabid rat 2 centipedes 6 giant bats a monkey 4 orc zombies a wererat a werejackal 6 iguanas 8 killer bees an acid blob 3 coyotes 2 gas spores 6 hobbits 11 manes 3 large kobolds 4 hobgoblins 7 giant rats 11 cave spiders 4 brown molds 3 yellow molds 4 red molds 58 gnomes 16 garter snakes 4 gnome zombies 11 geckos 12 jackals 3 foxes a kobold 4 goblins 3 sewer rats 9 grid bugs a bat 5 lichens 2 kobold zombies 7 newts 539 creatures vanquished. Voluntary challenges: You had been an atheist until turn 10643. You used a wielded weapon 598 times, starting on turn 166. You read items or engraved 24 times, starting on turn 6482. You never genocided any monsters. You never polymorphed an object. You changed form 1 time, starting on turn 16870. You used no wishes. You never split a pudding. You wrote Elbereth's name 10 times, starting on turn 6482. You violated your moral code, losing 30 points of alignment, starting on turn 7359. Dungeon overview: The Dungeons of Doom: levels 1 to 15 Level 1 a fountain a long staircase Level 2 a general store Level 3 an armor shop, a fountain stairs to The Gnomish Mines Level 4 a general store Level 5 (shop somewhere) an armor shop, a sink Level 6 Level 7 (vault) a general store, a fountain Level 8 (vault) Level 9 many fountains Level 10 stairs to Sokoban Level 11 a temple to Lugh, a fountain Level 12 many fountains Level 13 (vault) some altars to Lugh and Manannan Mac Lir Level 14 Level 15 portal to The Quest The Gnomish Mines: levels 4 to 11 Level 4 stairs to The Dungeons of Doom Level 5 Level 6 many shops, a temple to Manannan Mac Lir, some fountains Level 7 Level 8 Level 9 Level 10 Level 11 a fountain The Quest: Level 1 <- You were here portal to The Dungeons of Doom Sokoban: levels 6 to 9 Level 6 Level 7 Level 8 Level 9 stairs to The Dungeons of Doom History has recorded: On T:1 you entered the Dungeons of Doom to retrieve the Amulet of Yendor! On T:414 you reached level 2 of The Dungeons of Doom. On T:814 you reached level 3 of The Dungeons of Doom. On T:1307 you reached level 4 of The Dungeons of Doom. On T:1422 you advanced to experience level 2. On T:1635 you advanced to experience level 3. On T:1808 you advanced to experience level 4. On T:2133 you reached level 5 of The Dungeons of Doom. On T:3119 you reached level 6 of The Dungeons of Doom. On T:3313 you advanced to experience level 5. On T:3820 you reached level 7 of The Dungeons of Doom. On T:4306 you advanced to experience level 6. On T:4959 you reached level 8 of The Dungeons of Doom. On T:5727 you reached level 9 of The Dungeons of Doom. On T:6230 you reached level 10 of The Dungeons of Doom. On T:6602 you advanced to experience level 7. On T:7273 you reached level 4 of Sokoban. On T:7337 you advanced to experience level 8. On T:7524 you reached level 3 of Sokoban. On T:8123 you reached level 2 of Sokoban. On T:8568 you reached level 1 of Sokoban. On T:10130 you reached level 1 of The Gnomish Mines. On T:10337 you reached level 2 of The Gnomish Mines. On T:10577 you reached level 3 of The Gnomish Mines. On T:10603 you advanced to experience level 9. On T:11083 you reached level 4 of The Gnomish Mines. On T:11326 you reached level 5 of The Gnomish Mines. On T:11393 you reached level 7 of The Gnomish Mines. On T:11779 you reached level 6 of The Gnomish Mines. On T:12437 you reached level 8 of The Gnomish Mines. On T:14960 you reached level 11 of The Dungeons of Doom. On T:15344 you advanced to experience level 10. On T:16415 you reached level 12 of The Dungeons of Doom. On T:16797 you reached level 13 of The Dungeons of Doom. On T:18253 you reached level 14 of The Dungeons of Doom. On T:18758 you reached level 15 of The Dungeons of Doom. On T:18870 you reached level 1 of The Quest. Score breakdown: Gold: 2284 (11425 points) Experience: 10 levels (16712 points) Exploration: 15 levels ( 30.61%) (16201 points) Discoveries: 67 items ( 27.24%) (15656 points) Valuables value: (no points given unless you survive) Artifact value: 4000 (12253 points) Variety of kills: 143 monsters ( 37.53%) (18379 points) Turncount: 20302 turns (-3424 points) Survival: died (score multiplied by 80%) Total score: 69761 Latest messages: It hits! (2x) You are now wearing a towel around your head. You can't see any more. The invisible knight hits! (2x) > You don't have that object. You are now wearing a ring of see invisible. The invisible knight hits! (2x) You take off your towel. You can see! The invisible knight swings her long sword. The invisible knight hits! The invisible knight swings her long sword. The invisible knight hits! Your oil lamp flickers. You are now wearing a towel around your head. You can't see any more. The invisible knight hits! (2x) You die... Final status: Fare thee well wheals the Knight, killed by an invisible knight... You died in The Quest on dungeon level 1 with 69761 points, and 2284 pieces of gold, after 20302 moves. You were level 10 with a maximum of 92 hit points when you died.